 Dungeon Sprint DCSS version 0.17-a0-2064-g265a032 (webtiles) character file.

3654 Kidiri the Blocker (level 9, -3/85 HPs)
             Began as a Minotaur Fighter on Oct 12, 2015.
             Was an Elder of Okawaru.
             Killed from afar by an eidolon (26 damage)
             ... with a bolt of negative energy
             ... in the Dungeon (Sprint VII: "The Pits").
             The game lasted 00:08:01 (2682 turns).

Kidiri the Blocker (Minotaur Fighter)               Turns: 2682, Time: 00:08:01

Health: -3/85      AC: 19    Str: 23 (24) XL:     9   Next: 88%
Magic:  13/13      EV: 17    Int:  8      God:    Okawaru [****..]
Gold:   0          SH: 14    Dex: 10      Spells: 0 memorised, 8 levels left

rFire  . . .     SeeInvis .     a - +2 mace
rCold  . . .     Clarity  .     y - +4 chain mail
rNeg   . . .     SustAt   .     c - +0 shield
rPois  .         Gourm    .     (helmet restricted)
rElec  .         Spirit   .     (no cloak)
rCorr  .         Warding  .     w - +0 pair of gloves
rMut   .         NoTele   +     (no boots)
MR     .....                    (no amulet)
Stlth  ..........               t - +3 ring of evasion
                                r - +3 ring of intelligence

@: heroism, slowed, heavily drained, very slow, not resistant to hostile
enchantments, extremely unstealthy
A: retaliatory headbutt, horns 2
a: Heroism, Renounce Religion


You were in the Dungeon.
You worshipped Okawaru.
Okawaru was greatly pleased with you.
You were not hungry.

You visited 1 branch

Inventory:

Hand Weapons
 a - a +2 mace (weapon)
Armour
 c - a +0 shield (worn)
 w - a +0 pair of gloves (worn)
 y - a +4 chain mail (worn)
Jewellery
 r - a +3 ring of intelligence (left hand)
 t - a +3 ring of evasion (right hand)
Scrolls
 k - a scroll of blinking
 o - 3 scrolls of remove curse
 p - 5 scrolls of amnesia
 q - a scroll of summoning
Potions
 d - a potion of might
 f - 6 potions of curing
 h - 3 potions of haste
 i - 4 potions of magic
 j - 3 potions of berserk rage
 n - 2 potions of invisibility
 u - 2 potions of resistance
 v - a potion of agility
Comestibles
 e - 7 bread rations
 l - 40 fruits
 m - 7 meat rations


   Skills:
 + Level 9.6(12.9) Fighting
 * Level 12.3(15.5) Maces & Flails
 * Level 12.5(15.7) Armour
 * Level 11.3(14.4) Dodging
 * Level 12.7(15.8) Shields
 + Level 7.2(5.7) Invocations


You had 8 spell levels left.
You didn't know any spells.

Dungeon Overview and Level Annotations

Branches:
Dungeon (1/1)

Altars:
Ashenzari
Cheibriados
Dithmenos
Elyvilon
Fedhas
Gozag
Kikubaaqudgha
Makhleb
Nemelex Xobeh
Okawaru
Qazlal
Ru
Sif Muna
Trog
Vehumet
Xom
Yredelemnul
Zin
The Shining One
Beogh
Jiyva
Lugonu


Innate Abilities, Weirdness & Mutations

You reflexively headbutt those who attack you in melee.
You have a pair of horns on your head.


Message History

You headbutt the eidolon, but do no damage.
The eidolon is severely damaged.
The eidolon misses you. You furiously retaliate!
You headbutt the eidolon, but do no damage.
The eidolon hits you but does no damage.
You attempt to attack the eidolon, but flinch away in fear!
Your fear fades away.
The eidolon hits you!
* * * LOW HITPOINT WARNING * * *
The eidolon drains your vigour!
You feel as though you will be slow longer.
* * * LOW HITPOINT WARNING * * *
The eidolon hits you but does no damage.
Drink which item? (? for menu, Esc to quit)
Okay, then.
You hit the eidolon but do no damage.
The eidolon is severely damaged.
The eidolon breathes negative energy at you.
The bolt of negative energy hits you!
You feel drained.
You die...

....##..+...#
...##...#..#
..##...##..#
..#...##...+
..+..##....### ##
.##..#.......### ..#
##(.('[........## ...#
#...(#....####..##F...#+
..#..##..##..##.@W.....#
.###..##.+)...+..#......
##.##..#.##..##..# .....
#...+..+..####...## ..##
....#..##...).....# ##
###################


You could see an eidolon and a blink frog.

Vanquished Creatures
  A sixfirhy (D)
  A demonic crawler (D)
  A bog body (D)
  2 snapping turtles (D)
  A trapdoor spider (D)
  A boulder beetle (D)
  2 spriggans (D)
  2 wraiths (D)
  A ynoxinul (D)
  A hungry ghost (D)
  A deep elf fighter (D)
  4 vampire mosquitoes (D)
  A black bear (D)
  A soldier ant (D)
  An eye of draining (D)
  An ice beast (D)
  A centaur (D)
  A giant frog (D)
  A small abomination (D)
  A hound (D)
  3 worker ants (D)
  A mummy (D)
  An adder (D)
  A river rat (D)
  3 ufetubi (D)
  2 giant geckos (D)
  2 bats (D)
  A bat skeleton (D)
  A goblin (D)
  A hobgoblin (D)
  2 kobolds (D)
  A ball python (D)
45 creatures vanquished.

Notes
Turn   | Place    | Note
--------------------------------------------------------------
     0 | D        | Kidiri the Minotaur Fighter began the quest for the Orb.
     0 | D        | Reached XP level 1. HP: 19/19 MP: 0/0
    48 | D        | Found a sacrificial altar of Ru.
    48 | D        | Found a basalt altar of Yredelemnul.
    48 | D        | Found a shadowy altar of Dithmenos.
    48 | D        | Found a deep blue altar of Sif Muna.
    48 | D        | Found a burning altar of Makhleb.
    48 | D        | Found a shimmering altar of Xom.
    48 | D        | Found an ancient bone altar of Kikubaaqudgha.
    48 | D        | Found a sparkling altar of Nemelex Xobeh.
    49 | D        | Found a glowing golden altar of the Shining One.
    49 | D        | Found a bloodstained altar of Trog.
    49 | D        | Found a shattered altar of Ashenzari.
    49 | D        | Found a white marble altar of Elyvilon.
    49 | D        | Found a snail-covered altar of Cheibriados.
    49 | D        | Found a blossoming altar of Fedhas.
    49 | D        | Found a radiant altar of Vehumet.
    49 | D        | Found a glowing silver altar of Zin.
    49 | D        | Found a corrupted altar of Lugonu.
    49 | D        | Found a viscous altar of Jiyva.
    49 | D        | Found a roughly hewn altar of Beogh.
    49 | D        | Found an iron altar of Okawaru.
    55 | D        | Found a stormy altar of Qazlal.
    56 | D        | Found an opulent altar of Gozag.
    58 | D        | Became a worshipper of Warmaster Okawaru
   173 | D        | Noticed a worker ant
   177 | D        | Killed a worker ant
   177 | D        | Reached skill level 4 in Fighting
   177 | D        | Reached skill level 1 in Invocations
   177 | D        | Reached XP level 2. HP: 17/27 MP: 1/1
   186 | D        | Reached skill level 5 in Shields
   186 | D        | Reached XP level 3. HP: 11/33 MP: 1/3
   467 | D        | Noticed a worker ant
   478 | D        | Killed a worker ant
   478 | D        | Reached skill level 5 in Armour
   748 | D        | Reached XP level 4. HP: 22/41 MP: 4/4
   995 | D        | Noticed an ice beast
  1014 | D        | Killed an ice beast
  1014 | D        | Reached * piety under Okawaru
  1014 | D        | Reached skill level 5 in Fighting
  1014 | D        | Reached skill level 5 in Maces & Flails
  1014 | D        | Reached skill level 6 in Armour
  1014 | D        | Reached skill level 5 in Dodging
  1014 | D        | Reached XP level 5. HP: 40/48 MP: 4/6
  1170 | D        | Noticed a worker ant
  1179 | D        | Killed a worker ant
  1179 | D        | Reached skill level 7 in Armour
  1191 | D        | Noticed a giant frog
  1197 | D        | Killed a giant frog
  1199 | D        | Noticed a wraith
  1211 | D        | Killed a wraith
  1211 | D        | Reached skill level 8 in Armour
  1211 | D        | Reached XP level 6. HP: 46/58 MP: 6/8
  1274 | D        | Noticed a hungry ghost
  1274 | D        | Noticed a hound
  1284 | D        | Killed a hound
  1291 | D        | Killed a hungry ghost
  1291 | D        | Reached ** piety under Okawaru
  1291 | D        | Reached skill level 9 in Shields
  1291 | D        | Reached XP level 7. HP: 64/64 MP: 7/9
  1341 | D        | Noticed an eye of draining
  1341 | D        | Noticed a snapping turtle
  1357 | D        | Killed an eye of draining
  1610 | D        | Killed a snapping turtle
  1610 | D        | Reached skill level 5 in Invocations
  1783 | D        | Noticed a vampire mosquito
  1783 | D        | Noticed a black bear
  1784 | D        | Noticed a vampire mosquito
  1784 | D        | Noticed a demonic crawler
  1788 | D        | Killed a vampire mosquito
  1788 | D        | Reached skill level 10 in Shields
  1806 | D        | Killed a demonic crawler
  1806 | D        | Reached skill level 10 in Armour
  1806 | D        | Reached XP level 8. HP: 28/74 MP: 9/11
  1811 | D        | Killed a vampire mosquito
  1811 | D        | Reached skill level 10 in Maces & Flails
  1817 | D        | Killed a black bear
  1817 | D        | Reached *** piety under Okawaru
  1914 | D        | Noticed a small abomination
  1916 | D        | Noticed a snapping turtle
  1929 | D        | Killed a small abomination
  1948 | D        | Killed a snapping turtle
  1948 | D        | Reached skill level 11 in Armour
  1950 | D        | Noticed a trapdoor spider
  1955 | D        | Killed a trapdoor spider
  1956 | D        | Noticed a ynoxinul
  1971 | D        | Killed a ynoxinul
  1972 | D        | Noticed a vampire mosquito
  1978 | D        | Noticed a vampire mosquito
  1979 | D        | Noticed a sixfirhy
  1981 | D        | Killed a vampire mosquito
  1981 | D        | Reached skill level 10 in Dodging
  1981 | D        | Reached XP level 9. HP: 53/82 MP: 12/12
  1989 | D        | Killed a vampire mosquito
  2022 | D        | Killed a sixfirhy
  2022 | D        | Reached **** piety under Okawaru
  2022 | D        | Reached skill level 12 in Shields
  2202 | D        | Noticed a deep elf fighter
  2203 | D        | Noticed a centaur
  2210 | D        | Killed a deep elf fighter
  2217 | D        | Killed a centaur
  2258 | D        | Noticed a soldier ant
  2264 | D        | Killed a soldier ant
  2265 | D        | Noticed a spriggan
  2271 | D        | Killed a spriggan
  2326 | D        | Noticed a boulder beetle
  2354 | D        | Killed a boulder beetle
  2571 | D        | Noticed a spriggan
  2571 | D        | Noticed a bog body
  2577 | D        | Killed a spriggan
  2585 | D        | Killed a bog body
  2643 | D        | Noticed a wraith
  2643 | D        | Noticed an eidolon
  2643 | D        | Noticed a blink frog
  2643 | D        | Noticed a blink frog
  2644 | D        | Noticed a blink frog
  2656 | D        | Killed a wraith
  2682 | D        | Killed from afar by an eidolon

Vault maps used:
D:        pitsprint

Action                   |  1- 3 |  4- 6 |  7- 9 || total
-------------------------+-------+-------+-------++-------
Melee: Mace              |    45 |    54 |   246 ||   345
       Flail             |     1 |       |       ||     1
Invok: Heroism           |       |     2 |     6 ||     8
  Use: Potion            |       |       |    12 ||    12
 Stab: Sleeping          |       |     1 |       ||     1
  Eat: Chunk             |       |     1 |     2 ||     3
       Bread ration      |       |       |     1 ||     1
